 Dungeon Crawl Stone Soup version 0.31.0-12-g77e489cdc1 (webtiles) character file.

Game seed: 6864960649035281057

119 spaghetti the Sneak (level 5, 0/41 HPs)
             Began as a Formicid Chaos Knight on Mar 6, 2024.
             Was a Plaything of Xom.
             Slain by a gnoll
             ... wielding a +2 whip of electrocution
              (9 damage)
             ... on level 2 of the Dungeon.
             The game lasted 00:01:28 (779 turns).

spaghetti the Sneak (Formicid Chaos Knight)          Turns: 779, Time: 00:01:28

Health: 0/41       AC:  5    Str: 16 (17) XL:     5   Next: 24%
Magic:  5/5        EV: 11    Int: 18 (19) God:    Xom [..*...]
Gold:   42         SH:  0    Dex: 12 (13) Spells: 4/4 levels left

rFire   . . .        a - +0 short sword (chaos)
rCold   . . .        (no shield)
rNeg    . . .        b - +2 leather armour
rPois   .            (helmet unavailable)
rElec   .            (no cloak)
rCorr   .            (no gloves)
SInv    +            (no boots)
Will    .....        (no amulet)
Stlth   +++          d - ring of flight
HPRegen 0.26/turn    h - +6 ring of intelligence
MPRegen 0.09/turn

%: no passive effects
@: attractive, flying
A: permanent stasis, dig shafts and tunnels, antennae 3, four strong arms
a: Dig, Shaft Self, Renounce Religion


You were on level 2 of the Dungeon.
You worshipped Xom.
You were a toy of Xom.
You visited 1 branch of the dungeon, and saw 2 of its levels.

You collected 42 gold pieces.

Inventory:

Hand Weapons
 a - a +0 short sword of chaos (weapon)
Missiles
 j - 4 javelins
Armour
 b - a +2 leather armour (worn)
Jewellery
 d - a ring of flight (left hand)
 h - a +6 ring of intelligence (right hand)
Scrolls
 c - a scroll of butterflies
 g - a scroll of teleportation
Potions
 i - a potion of degeneration


   Skills:
 - Level 3.2 Fighting
 - Level 3.0 Short Blades
 - Level 2.1 Armour
 - Level 0.8 Dodging
 + Level 5.9 Stealth


You had 4 spell levels left.
You didn't know any spells.
Your spell library was empty.

Dungeon Overview and Level Annotations

Branches:
Dungeon (2/15)

Altars:


Innate Abilities, Weirdness & Mutations

You cannot be hasted, slowed, berserked, paralysed or teleported.
You can dig through walls and to a lower floor.
You have a pair of large antennae on your head. (SInv)
Your four strong arms can wield two-handed weapons with a shield.


Message History

The gnoll hits you with a +0 flail.
You hit the gnoll but do no damage.
The gnoll evaporates and reforms as a hobgoblin!
The hobgoblin is severely wounded.
You hit the hobgoblin.
You feel better.
You kill the hobgoblin!
You closely miss the gnoll.
The gnoll hits you with a +2 whip of electrocution!
You hit the gnoll but do no damage.
The gnoll hits you with a +2 whip of electrocution.
You hit the gnoll. You freeze the gnoll.
The gnoll is heavily wounded.
The gnoll hits you with a +2 whip of electrocution!
* * * LOW HITPOINT WARNING * * *
You hit the gnoll but do no damage.
The gnoll is heavily wounded.
The gnoll closely misses you.
You hit the gnoll but do no damage.
The gnoll is heavily wounded.
The gnoll barely misses you.
It was a potion of magic.
Magic courses through your body.
Xom thinks this is hilarious!
The gnoll hits you with a +2 whip of electrocution.
* * * LOW HITPOINT WARNING * * *
It was a potion of curing.
You feel better.
The gnoll hits you with a +2 whip of electrocution.
* * * LOW HITPOINT WARNING * * *
It was a potion of degeneration.
There was something very wrong with that liquid.
You feel weakened.
You feel dopey.
You feel clumsy.
Xom thinks this is hilarious!
The gnoll barely misses you.
It was a potion of attraction.
You feel attractive to monsters. The gnoll barely misses you.
The gnoll barely misses you.
You begin to dig a shaft.
You continue digging a shaft.
The gnoll hits you with a +2 whip of electrocution!
You die... "Boring in life, boring in death..."

..#.g, ..# ## ,
.g.###..# ..
#)=#...+ ... #.
###.....# ...
#..#.gg##### #..
{ #....g## #.# {
#.##...# #.# #
###.##########.#
#..gg@.....#.#
########.....#
#.###.# #.# #.#
{ ###.###.## {
.........####
.......#....#
.......####.##
....... #..#


You could see 2 gnolls.

Vanquished Creatures
  A boggart (D:2)
  A gnoll (D:2)
  A ball python (D:1)
  4 endoplasms
  A giant cockroach (D:1)
  2 goblins (D:1)
  2 hobgoblins
  5 kobolds
  3 bats
  2 frilled lizards (D:2)
  6 rats
28 creatures vanquished.

Vanquished Creatures (collateral kills)
  A bat (D:1)
1 creature vanquished.

Vanquished Creatures (others)
  A goblin zombie (D:1)
1 creature vanquished.

Grand Total: 30 creatures vanquished

Notes
Turn   | Place    | Note
-------+----------+-------------------------------------------
     0 | D:1      | spaghetti the Formicid Chaos Knight began the quest for the
                  | Orb.
     0 | D:1      | Reached XP level 1. HP: 18/18 MP: 1/1
    43 | D:1      | XOM: divination: detect creatures
    80 | D:1      | Reached skill level 1 in Stealth
   138 | D:1      | Reached skill level 2 in Stealth
   138 | D:1      | Reached XP level 2. HP: 24/24 MP: 2/2
   168 | D:1      | XOM: divination: detect items
   267 | D:1      | Reached skill level 3 in Stealth
   381 | D:1      | Reached XP level 3. HP: 29/29 MP: 3/3
   565 | D:1      | XOM: divination: detect creatures
   738 | D:2      | a ribbon worm changed into a boggart
   738 | D:2      | Noticed a boggart
   744 | D:2      | Killed a boggart
   745 | D:2      | Reached skill level 5 in Stealth
   745 | D:2      | Reached XP level 4. HP: 35/35 MP: 4/4
   745 | D:2      | Reached XP level 5. HP: 41/41 MP: 5/5
   779 | D:2      | Slain by a gnoll

Illustrated notes

Levels and vault maps discovered:
D:1:      eino_arrival_cavern_b, layout_rooms
D:2:      layout_basic, hellmonk_ecumenical_altar_leap_of_faith,
          minmay_pentomino_r2

Skill      XL: |  1  2  3 |
---------------+----------+-----
Stealth        | 2 3 5 |  5.9
Fighting       | |  3.2
Short Blades   | |  3.0
Armour         | |  2.1
Dodging        | |  0.8

Action                     |  1- 3 |  4- 6 || total
---------------------------+-------+-------++-------
  Melee: Short sword       |    87 |    18 ||   105
Ability: Shaft Self        |       |     1 ||     1
    Use: Scroll            |     2 |       ||     2
         Potion            |       |     4 ||     4
   Stab: Sleeping          |     2 |       ||     2
         Distracted        |     1 |       ||     1
 Armour: Leather armour    |    48 |    14 ||    62
  Dodge: Dodged            |    35 |     7 ||    42
